AoeStats
← Erickinio

Black Forest

508371829Analyzed
2v2 RM · 10d ago on Sep 22, 2026· 35m 10s· 4 players
Game mode
Random Map
Map size
Medium (4 player)
Population
200
Speed
Normal
Resources
Standard
Victory
Conquest
Starting age
Dark Age
Ending age
Imperial Age
RankedLock teamsTeams togetherTeam positionsShared explorationLock speedFull tech treeHidden civsTurbo modeCheats
Victory
Defeat
🇦🇷 Koreans · Argentina
806
+15
🇦🇷 Celts · Argentina
783
+16
🇷🇺 Bohemians · Russia
843
-18
🇺🇸 Spanish · United States
726
-13
Tricio 12
0:59 Loom
17:26 Feudal Age
18:43 Double-Bit Axe
21:20 Town Watch
22:37 Wheelbarrow
21:46 Horse Collar
23:18 Stone Mining
23:22 Gold Mining
23:30 Fletching
29:40 Castle Age
31:21 Hand Cart
31:43 Gold Shaft Mining
31:47 Stone Shaft Mining
31:24 Bow Saw
31:19 Heavy Plow
30:47 Crossbowman
31:32 Thumb Ring
31:24 Bodkin Arrow
33:12 Town Patrol
34:30 Treadmill Crane
34:47 Murder Holes
35:12 Ballistics
Erickinio
0:44 Loom
12:13 Feudal Age
13:27 Double-Bit Axe
14:40 Arson
15:32 Forging
15:20 Man-at-Arms
16:21 Stone Mining
18:39 Scale Mail Armor
19:37 Gold Mining
28:02 Castle Age
27:54 Wheelbarrow
28:04 Fletching
28:19 Long Swordsman
28:45 Gambesons
28:20 Pikeman
32:31 Iron Casting
32:12 Chain Mail Armor
34:10 Chain Mail Armor
33:50 Bodkin Arrow
Aramis
0:29 Loom
18:32 Feudal Age
25:30 Castle Age
23:25 Double-Bit Axe
30:55 Bow Saw
31:45 Horse Collar
33:51 Fortified Wall
X-you
0:32 Loom
12:49 Feudal Age
13:58 Double-Bit Axe
13:58 Horse Collar
14:56 Wheelbarrow
20:19 Man-at-Arms
25:25 Castle Age
Connection lost

Rejoining the realm…

Still unreachable

The connection could not be restored.

Session expired

The server has moved on; the page needs a fresh start.